AoeStats
← SubjectHook712

Black Forest

507161700Analyzed
4v4 RM · 17d ago on Sep 16, 2026· 25m 14s· 8 players
Game mode
Random Map
Map size
Large (8 player)
Population
200
Speed
Normal
Resources
Standard
Victory
Conquest
Starting age
Dark Age
Ending age
Imperial Age
RankedLock teamsTeams togetherTeam positionsShared explorationLock speedFull tech treeHidden civsTurbo modeCheats
Victory
Defeat
🇺🇸 Spanish · United States
1200
+9
🇨🇭 Berbers · Switzerland
1089
+13
🇻🇪 Saracens · Venezuela
1080
+13
🇨🇱 Persians · Chile
1039
+15
🇺🇸 Japanese · United States
1052
-14
🇧🇷 Persians · Brazil
1038
-13
🇬🇷 Persians · Greece
1005
-12
🇲🇽 Hindustanis · Mexico
993
-11
SubjectHook712
1:58 Loom
14:39 Feudal Age
19:48 Castle Age
18:55 Double-Bit Axe
19:22 Horse Collar
21:38 Wheelbarrow
BearKing89
0:35 Loom
19:49 Feudal Age
24:01 Castle Age
23:35 Double-Bit Axe
MESSIKNIGHT
0:28 Loom
14:38 Feudal Age
14:58 Double-Bit Axe
21:13 Castle Age
20:21 Gold Mining
Makis
11:29 Feudal Age
11:55 Double-Bit Axe
16:26 Castle Age
14:36 Horse Collar
17:10 Bow Saw
18:00 Heavy Plow
20:21 Wheelbarrow
23:49 Hand Cart
{WaZzU'P} Sr Gilmapi
1:15 Loom
13:24 Feudal Age
15:59 Forging
19:03 Castle Age
17:13 Double-Bit Axe
18:28 Stone Mining
23:25 Fletching
{WaZzU'P} Recluta4!
11:13 Feudal Age
11:46 Horse Collar
15:41 Castle Age
14:30 Double-Bit Axe
14:59 Gold Mining
17:30 Wheelbarrow
18:44 Town Watch
20:16 Sanctity
21:04 Stone Mining
21:49 Loom
23:49 Redemption
24:44 Forging
24:51 Bloodlines
{WaZzU'P} GranPolo
7:24 Loom
11:26 Feudal Age
19:04 Castle Age
17:45 Stone Mining
18:06 Horse Collar
19:01 Double-Bit Axe
22:49 Heavy Plow
24:09 Wheelbarrow
sir_angelo
0:31 Loom
17:34 Feudal Age
21:28 Castle Age
19:47 Double-Bit Axe
20:31 Horse Collar
20:50 Gold Mining
Connection lost

Rejoining the realm…

Still unreachable

The connection could not be restored.

Session expired

The server has moved on; the page needs a fresh start.